 Dungeon Crawl Stone Soup version 0.24-a0-361-g57161393b2 (webtiles) character file.

Game seed: 8503194580518808081

14047 HAL9000 the Slicer (level 12, -2/48 HPs)
             Began as a Vine Stalker Assassin on May 26, 2019.
             Was an Elder of Dithmenos.
             Impaled on a porcupine's spines (10 damage)
             ... on level 1 of the Lair of Beasts.
             The game lasted 00:31:14 (12313 turns).

HAL9000 the Slicer (Vine Stalker Assassin)         Turns: 12313, Time: 00:31:15

Health: -2/48      AC:  7    Str: 16    XL:     12   Next: 12%
Magic:  0/22       EV: 11    Int: 13    God:    Dithmenos [****..]
Gold:   740        SH:  6    Dex: 17    Spells: 7/23 levels left

rFire    + . .     SeeInvis .   t - +4 dagger (elec)
rCold    . . .     Gourm    .   D - +0 buckler (curse)
rNeg     . . .     Faith    .   u - +1 leather armour {rPois}
rPois    +         Spirit   +   C - +1 helmet
rElec    .         Reflect  .   c - +0 cloak
rCorr    .         Harm     .   (no gloves)
MR       ++...                  R - +1 pair of boots
Stlth    ++++++....             (no amulet)
HPRegen  0.96/turn              a - ring of protection from magic
MPRegen  0.18/turn              m - ring of stealth

@: wreathed by umbra
A: fangs 3, deformed body, fire resistance 1, frail 1, sense surroundings 1,
regeneration 2, magic shield, antimagic bite, no potion heal 3, rot immunity
a: Shadow Step, Renounce Religion


You were on level 1 of the Lair of Beasts.
You worshipped Dithmenos.
Dithmenos was greatly pleased with you.
You were not hungry.

You visited 2 branches of the dungeon, and saw 12 of its levels.
You also visited: Gauntlet.

You collected 776 gold pieces.
You spent 36 gold pieces at shops.

Inventory:

Hand Weapons
 t - a +4 dagger of electrocution (weapon)
Missiles
 d - 37 poisoned darts
 e - 3 throwing nets
 n - 22 boomerangs
 p - 19 javelins
 v - 137 arrows
 x - 9 curare-tipped darts (quivered)
Armour
 c - a +0 cloak (worn)
 u - a +1 leather armour of poison resistance (worn)
 C - a +1 helmet (worn)
 D - a cursed +0 buckler (worn)
 R - a +1 pair of boots (worn)
Jewellery
 a - a ring of protection from magic (left hand)
 l - an uncursed ring of flight
 m - a ring of stealth (right hand)
 w - an uncursed ring of wizardry
 A - an uncursed ring of protection from cold
 N - an uncursed ring of ice
Wands
 y - a wand of polymorph (6)
 G - a wand of iceblast (7)
 H - a wand of paralysis (6)
 J - a wand of enslavement (12)
 U - a wand of random effects (14)
Scrolls
 b - a scroll of fog {unknown}
 g - 6 scrolls of enchant armour
 h - 3 scrolls of magic mapping {unknown}
 i - 5 scrolls of teleportation
 o - 3 scrolls of remove curse
 r - 3 scrolls of blinking {unknown}
 s - 2 scrolls of immolation
 E - a scroll of enchant weapon {unknown}
 F - 2 scrolls of random uselessness {unknown}
 K - 2 scrolls of identify
 Q - a scroll of torment {unknown}
Potions
 j - a potion of might
 k - 4 potions of lignification
 q - 2 potions of cancellation
 z - a potion of curing
 B - 2 potions of haste
 I - a potion of flight
 L - a potion of magic
 O - a potion of brilliance
 P - a potion of resistance {unknown}
 S - a potion of agility {unknown}
Comestibles
 f - 27 rations
 M - 3 chunks of flesh


   Skills:
 - Level 1.7 Fighting
 - Level 11.8 Short Blades
 - Level 1.7 Throwing
 - Level 0.7 Dodging
 + Level 5.9 Stealth
 - Level 5.7 Shields
 - Level 6.3 Spellcasting
 - Level 9.8 Hexes
 - Level 4.3 Charms


You had 7 spell levels left.
You knew the following spells:

 Your Spells              Type           Power        Failure   Level  Hunger
a - Confuse               Hex            ####....     1%          3    ###....
b - Regeneration          Chrm/Necr      #.........   24%         3    ###....
c - Metabolic Englaciati  Hex/Ice        ###.......   58%         5    ######.
d - Yara's Violent Unrav  Hex/Tmut       ###.......   58%         5    ######.

Your spell library contained the following spells:

 Spells                   Type           Power        Failure   Level  Hunger
 Confusing Touch          Hex            ####..       1%          1    None
 Inner Flame              Hex/Fire       ###.....     8%          3    ###....
 Animate Skeleton         Necr           N/A          21%         1    None
 Flame Tongue             Conj/Fire      #....        21%         1    None
 Pain                     Necr           #...         21%         1    None
 Throw Flame              Conj/Fire      #.....       30%         2    #......
 Conjure Flame            Conj/Fire      #.......     52%         3    ###....
 Gell's Gravitas          Tloc           #.........   52%         3    ###....
 Vampiric Draining        Necr           #.........   52%         3    ###....
 Animate Dead             Necr           N/A          90%         4    ####...
 Petrify                  Tmut/Erth      #.......     90%         4    ####...
 Sticky Flame             Conj/Fire      #.......     90%         4    ####...
 Iskenderun's Battlesphe  Conj/Chrm      #.......     92%         5    ######.
 Bolt of Magma            Conj/Fire/Erth #.........   99%         5    ######.
 Fireball                 Conj/Fire      #.........   99%         5    ######.
 Venom Bolt               Conj/Pois      #.........   99%         5    ######.
 Iron Shot                Conj/Erth      #.........   100%        6    #######
 Orb of Destruction       Conj           #.........   100%        7    #######
 Spellforged Servitor     Conj/Summ      #.........   100%        7    #######


Dungeon Overview and Level Annotations

Branches:
Dungeon (11/15)            Temple (0/1) D:5            Lair (1/6) D:11
    Orc: D:9-12

Altars:
Ashenzari
Cheibriados
Dithmenos
Fedhas
Hepliaklqana
Qazlal
Sif Muna
Trog
Wu Jian
Yredelemnul
Zin

Shops:
D:5 !   D:9 [   D:10 *}

Annotations:
D:4 1 runed translucent door, Zero's ghost, novice BaBe
D:10 2 transporters


Innate Abilities, Weirdness & Mutations

You have razor-sharp teeth.
You heal very quickly.
When hurt, damage is shared between your health and your magic reserves.
Your bite disrupts and absorbs the magic of your enemies.
Potions cannot restore your health.
You are immune to rotting.
Armour fits poorly on your strangely shaped body.
Your flesh is heat resistant. (rF+)
You are frail. (-10% HP)
You passively map a small area around you.


Message History

You are struck by the porcupine's spines.
* * * LOW HITPOINT WARNING * * *
You closely miss the porcupine. Your bite misses the porcupine.
The porcupine is heavily wounded.
Your shadow hits the porcupine with a dagger.
You miss the porcupine.
The porcupine is heavily wounded.
Your shadow closely misses the porcupine.
The porcupine bites you.
* * * LOW HITPOINT WARNING * * *
Unknown command.
You miss the porcupine.
You bite the porcupine, but do no damage.
The porcupine is heavily wounded.
Your shadow hits the porcupine with a dagger.
You hit the porcupine.
The porcupine is almost dead.
The porcupine closely misses you.
You are struck by the porcupine's spines.
You die...

, . ,,......# , ,.... **
* *#....# ...... # ,
#....####. ,*
......##.+#####...>.....
...........†............
,,
........................
, ,
....####.###.##......=..
,
#...#######.#.#....####
* ##..+........##.@..# ,
* ##...#.......##.r..# *
.#..##.......##.....# ,
#...##........+....##, *
.#..##.......##....#*, ,
*, *
#...##.......##....# ,,
##..###########....#
##..######## #....# * *
##.......... , *,


You could see a porcupine.

Vanquished Creatures
  Harold (D:7)
  Fannar (D:10)
  2 two-headed ogres (D:10)
  Sonja (D:10)
  2 ugly things (D:11)
  Joseph (D:9)
  A black mamba (Lair:1)
  A centaur zombie (D:11)
  A spiny frog (Lair:1)
  A troll (D:11)
  Grinder (D:4)
  2 wraiths (D:9)
  12 yaks
  A wyvern (D:10)
  2 basilisks (D:11)
  2 hungry ghosts
  A porcupine (D:11)
  3 water moccasins (Lair:1)
  An ice beast (D:11)
  2 sky beasts
  2 orc warriors
  An eye of draining (D:9)
  A black bear (D:7)
  A necrophage (D:7)
  9 wolves
  2 centaurs
  4 ogres
  2 crocodiles
  A big kobold (D:11)
  6 bullfrogs
  A wyvern zombie (D:7)
  3 scorpions
  9 killer bees (D:9)
  3 wights (D:9)
  3 howler monkeys (D:11)
  7 crimson imps
  2 quasits
  2 jellies
  4 hounds
  8 orc priests
  A bullfrog skeleton (D:11)
  4 human zombies (D:9)
  5 iguanas
  11 orc wizards
  A centaur skeleton (D:9)
  Jessica (D:3)
  A human skeleton (D:9)
  Natasha (thrice) (D:4)
  6 worker ants
  A hound skeleton (D:4)
  2 mummies (D:9)
  Robin (D:4)
  9 adders
  2 shadow imps
  An ooze (D:1)
  2 adder skeletons
  4 worms
  3 dart slugs
  14 leopard geckos
  34 orcs
  11 bats
  5 giant cockroaches (D:1)
  12 goblins
  12 hobgoblins
  6 jackals
  14 kobolds
  5 quokkas
  3 ball pythons
  3 frilled lizards
  9 rats
296 creatures vanquished.

Vanquished Creatures (others)
  2 fungi (D:11)
  2 plants (D:11)
4 creatures vanquished.

Grand Total: 300 creatures vanquished

Notes
Turn   | Place    | Note
-------+----------+-------------------------------------------
     0 | D:1      | HAL9000 the Vine Stalker Assassin began the quest for the
                  | Orb.
     0 | D:1      | Reached XP level 1. HP: 11/11 MP: 2/2
    91 | D:1      | Reached skill level 2 in Short Blades
   119 | D:1      | Reached XP level 2. HP: 13/15 MP: 3/3
   676 | D:1      | Reached skill level 3 in Short Blades
   764 | D:1      | Reached XP level 3. HP: 14/18 MP: 4/4
  1270 | D:2      | Gained mutation: Your natural rate of healing is unusually
                  | fast. [Vine Stalker growth]
  1270 | D:2      | Reached XP level 4. HP: 20/23 MP: 3/5
  1339 | D:2      | Reached skill level 4 in Short Blades
  1925 | D:3      | Found a hazy altar of Hepliaklqana.
  2100 | D:3      | Noticed Jessica
  2118 | D:3      | Reached XP level 5. HP: 19/26 MP: 3/6
  2126 | D:3      | Killed Jessica
  2280 | D:3      | Found a stormy altar of Qazlal.
  2326 | D:3      | Found a faded altar of an unknown god.
  2473 | D:3      | Reached skill level 5 in Short Blades
  2762 | D:3      | Found a glowing silver altar of Zin.
  2962 | D:4      | Noticed an ogre
  2968 | D:4      | Killed an ogre
  2968 | D:4      | Reached XP level 6. HP: 30/30 MP: 7/7
  2984 | D:4      | Reached skill level 6 in Short Blades
  2989 | D:4      | Noticed Grinder
  3001 | D:4      | Paralysed by Grinder for 2 turns
  3079 | D:4      | Noticed Natasha
  3086 | D:4      | Killed Natasha
  3168 | D:4      | Noticed Natasha
  3176 | D:4      | Killed Natasha
  3265 | D:4      | Killed Grinder
  3265 | D:4      | Reached skill level 7 in Short Blades
  3265 | D:4      | Reached XP level 7. HP: 29/34 MP: 6/8
  3280 | D:4      | Noticed Natasha
  3288 | D:4      | Killed Natasha
  3329 | D:4      | Noticed Robin
  3332 | D:4      | Killed Robin
  3420 | D:4      | Found a runed translucent door.
  3422 | D:4      | Noticed Zero's ghost (novice BaBe)
  3515 | D:4      | Found a deep blue altar of Sif Muna.
  3643 | D:5      | Entered Level 5 of the Dungeon
  3654 | D:5      | Found a shadowy altar of Dithmenos.
  3801 | D:5      | Became a worshipper of Dithmenos the Shadowed
  3872 | D:5      | Noticed a moth of wrath
  3875 | D:5      | Found a bloodstained altar of Trog.
  3902 | D:5      | Got a smoking quarterstaff
  3914 | D:5      | Identified the +8 quarterstaff "Soroschasar" {pain, Str-2
                  | Int+6} (You found it on level 5 of the Dungeon)
  3928 | D:5      | Found a shattered altar of Ashenzari.
  3999 | D:5      | Reached skill level 8 in Short Blades
  4043 | D:5      | Found a staircase to the Ecumenical Temple.
  4134 | D:5      | Gained mutation: You have razor-sharp teeth. [Vine Stalker
                  | growth]
  4134 | D:5      | Reached XP level 8. HP: 35/38 MP: 6/9
  4378 | D:5      | Found Jumecuy's Distillery.
  4382 | D:5      | Bought a potion of curing for 36 gold pieces
  4654 | D:6      | Found a snail-covered altar of Cheibriados.
  4654 | D:6      | Found an ornate altar of the Wu Jian Council.
  5088 | D:6      | Reached skill level 9 in Short Blades
  5089 | D:6      | Reached * piety under Dithmenos
  5607 | D:6      | Found a blossoming altar of Fedhas.
  5927 | D:7      | Noticed Harold
  5932 | D:7      | Gained mutation: Armour fits poorly on your strangely
                  | shaped body. [potion of mutation]
  5932 | D:7      | Gained mutation: Your flesh is heat resistant. (rF+)
                  | [potion of mutation]
  5932 | D:7      | Gained mutation: You are frail. (-10% HP) [potion of
                  | mutation]
  5932 | D:7      | Gained mutation: You passively map a small area around you.
                  | [potion of mutation]
  5935 | D:7      | Killed Harold
  5935 | D:7      | Reached skill level 10 in Short Blades
  5935 | D:7      | Reached XP level 9. HP: 26/37 MP: 6/10
  6001 | D:7      | Reached skill level 11 in Short Blades
  6017 | D:7      | Found a blossoming altar of Fedhas.
  6546 | D:7      | Reached skill level 1 in Shields
  6828 | D:8      | Learned a level 3 spell: Confuse
  7308 | D:8      | Reached XP level 10. HP: 20/41 MP: 5/11
  7377 | D:9      | Found Apext's Armour Emporium.
  7624 | D:9      | Reached skill level 5 in Shields
  7630 | D:9      | Found a basalt altar of Yredelemnul.
  7632 | D:9      | Reached ** piety under Dithmenos
  7774 | D:9      | Reached skill level 1 in Hexes
  7984 | D:9      | Noticed Joseph
  7999 | D:9      | Killed Joseph
  7999 | D:9      | Reached skill level 5 in Hexes
  8079 | D:9      | Learned a level 3 spell: Regeneration
  8253 | D:9      | Reached skill level 1 in Spellcasting
  8583 | D:10     | Entered Level 10 of the Dungeon
  8649 | D:10     | Reached XP level 11. HP: 23/45 MP: 12/17
  8668 | D:10     | Noticed a two-headed ogre
  8709 | D:10     | Found Geps's Elemental Accessories.
  8720 | D:10     | Learned a level 5 spell: Metabolic Englaciation
  8726 | D:10     | Learned a level 5 spell: Yara's Violent Unravelling
  8738 | D:10     | Reached *** piety under Dithmenos
  8780 | D:10     | Found Unanaf's Gadget Emporium.
  8978 | D:10     | Killed a two-headed ogre
  9011 | D:10     | Noticed a fire crab
  9109 | D:10     | Noticed Sonja
  9111 | D:10     | Noticed a two-headed ogre
  9406 | D:10     | Killed Sonja
  9406 | D:10     | Reached skill level 5 in Spellcasting
  9557 | D:10     | Noticed Fannar
  9585 | D:10     | Killed Fannar
  9721 | D:10     | Killed a two-headed ogre
  9790 | D:10     | Found a transporter.
  9837 | D:10     | Noticed an orc sorcerer
  9843 | D:10     | Found a transporter.
  9929 | D:11     | Noticed a green ugly thing
 10028 | D:11     | Noticed a cyan ugly thing
 10423 | D:11     | Found a gate leading to a gauntlet.
 10436 | Gauntlet | Entered a Gauntlet
 10436 | Gauntlet | Found a transporter.
 10436 | Gauntlet | Found a transporter.
 10436 | Gauntlet | Found a transporter.
 10438 | Gauntlet | Noticed a catoblepas
 10458 | Gauntlet | Found a transporter.
 10474 | Gauntlet | Noticed a queen ant
 10476 | Gauntlet | Found a transporter.
 10479 | Gauntlet | Found a transporter.
 10490 | Gauntlet | Noticed a thrashing horror
 10503 | Gauntlet | Found a transporter.
 10508 | Gauntlet | Noticed a thrashing horror
 10512 | Gauntlet | Found a transporter.
 10515 | Gauntlet | Found a transporter.
 10517 | Gauntlet | Noticed a hell beast
 10535 | Gauntlet | Found a transporter.
 10543 | Gauntlet | Found a transporter.
 10546 | Gauntlet | Found a transporter.
 10571 | Gauntlet | Noticed a fire crab
 10726 | D:11     | Reached skill level 1 in Charms
 10866 | D:11     | Reached **** piety under Dithmenos
 11028 | D:11     | Killed a green ugly thing
 11386 | D:11     | Found a staircase to the Lair.
 11538 | D:11     | Killed a cyan ugly thing
 12000 | Lair:1   | Entered Level 1 of the Lair of Beasts
 12009 | Lair:1   | Gained mutation: You heal very quickly. [Vine Stalker
                  | growth]
 12009 | Lair:1   | Reached XP level 12. HP: 48/48 MP: 22/22
 12105 | Lair:1   | Reached skill level 5 in Stealth
 12313 | Lair:1   | Impaled on a porcupine's spines

Levels and vault maps discovered:
D:1:      dpeg_arrival_radiant, layout_loops_ring, minmay_misc_feat_alley
D:2:      layout_loops_ring, chequers_serial_rivers_micro_e,
          kennysheep_generic_room_10
D:3:      layout_basic, old_standard_altar, lemuel_coloured_pillars_altar,
          nicolae_qazlal_general_emergency, chequers_ecumenical_altar_island,
          uniq_jessica
D:4:      layout_rooms, lemuel_blue_sif_altar, ebering_ghost_inner_flame,
          uniq_robin, uniq_grinder, uniq_natasha
D:5:      layout_basic, tgw_trog, nicolae_ashenzari_panopticon,
          minmay_temple_entry_gardened_gates, first_ration, serial_shops,
          nicolae_shop_crystal, minmay_liquid_box, kennysheep_cluttered_room,
          nicolae_dithmenos_shadow_blocks
D:6:      layout_layer_cave, kennysheep_mini, minitemple, minivault_22
D:7:      layout_loops_cross, grunt_ogre_cave, fedhas_altar_2, uniq_harold
D:8:      layout_basic
D:9:      layout_long_grid, lemuel_mausoleum_altar_yredelemnul, serial_shops,
          nicolae_shop_statue_plus, st_stairs_12, uniq_joseph
D:10:     gammafunk_wand_slinger, layout_long_grid, serial_shops, shop,
          nicolae_elemental_shop, uniq_sonja, uniq_fannar
D:11:     layout_long_grid, minmay_lair_entry_grove, gauntlet_entry_generic
Lair:1:   layout_regular_city, chequers_serial_rivers_room_a

Skill      XL: |  1  2  3  4  5  6  7  8  9 10 11 12 |
---------------+-------------------------------------+-----
Short Blades   | 2 3 4 5 7 8 10 11 | 11.8
Shields        | 3 5 |  5.7
Hexes          | 6 9 |  9.8
Spellcasting   | 3 6 |  6.3
Charms         | 4 |  4.3
Stealth        | 5 |  5.9
Fighting       | |  1.7
Throwing       | |  1.7
Dodging        | |  0.7

Action                   |  1- 3 |  4- 6 |  7- 9 | 10-12 || total
-------------------------+-------+-------+-------+-------++-------
Melee: Dagger            |   100 |   119 |   239 |   495 ||   953
       Bite              |    27 |    31 |    61 |   135 ||   254
Throw: Javelin           |       |     9 |       |     6 ||    15
       Dart              |       |       |     2 |    14 ||    16
       Boomerang         |       |       |       |     3 ||     3
 Cast: Confuse           |       |       |       |     2 ||     2
Evoke: Wand              |       |       |       |     2 ||     2
  Use: Scroll            |       |       |    11 |     8 ||    19
       Potion            |       |       |     1 |     4 ||     5
 Stab: Sleeping          |    10 |     9 |    10 |    19 ||    48
       Distracted        |       |       |     2 |     2 ||     4
       Confused          |       |       |       |     1 ||     1
  Eat: Chunk             |     1 |     6 |    13 |    14 ||    34
       Ration            |       |       |       |     1 ||     1
Armor: Robe              |    30 |    11 |       |       ||    41
       Leather armour    |       |    15 |    43 |    63 ||   121
Dodge: Dodged            |    60 |    50 |    76 |   157 ||   343
Block: Buckler           |       |       |     2 |    81 ||    83

Table legend:
 A = Non-vault XP
 B = Vault XP
 C = Vault XP percentage of total XP
 D = Non-vault monster count
 E = Vault monster count
 F = Vault count percentage of total count
                 A         B        C        D         E       F
            +---------+---------+-------+---------+---------+-------
      Total |   13995 |    6073 |  30.3 |     247 |      49 |  16.6
            +---------+---------+-------+---------+---------+-------
        D:1 |      59 |       0 |   0.0 |      29 |       0 |   0.0
        D:2 |      88 |       0 |   0.0 |      25 |       0 |   0.0
        D:3 |     132 |      37 |  21.9 |      21 |       1 |   4.5
        D:4 |     352 |     340 |  49.1 |      12 |      14 |  53.8
        D:5 |     362 |      13 |   3.5 |      19 |       5 |  20.8
        D:6 |     283 |       0 |   0.0 |       8 |       0 |   0.0
        D:7 |    1201 |    1149 |  48.9 |      19 |       2 |   9.5
        D:8 |     502 |     130 |  20.6 |       9 |       1 |  10.0
        D:9 |    2169 |    1294 |  37.4 |      31 |      13 |  29.5
       D:10 |    3848 |    1811 |  32.0 |      30 |       2 |   6.2
       D:11 |    3115 |    1299 |  29.4 |      34 |      11 |  24.4
     Lair:1 |    1884 |       0 |   0.0 |      10 |       0 |   0.0
            +---------+---------+-------+---------+---------+-------
